 Dungeon Crawl Stone Soup version 0.31-a0-703-gcfe89afef6 (webtiles) character file.

Game seed: 8677731675545645005

53 Ofeo the Digger (level 3, -11/26 HPs)
             Began as a Demonspawn Wanderer on Sept 9, 2023.
             Mangled by Crazy Yiuf
             ... wielding a +4 quarterstaff of chaos
              (16 damage)
             ... on level 2 of the Dungeon.
             The game lasted 00:01:54 (2549 turns).

Ofeo the Digger (Demonspawn Wanderer)               Turns: 2549, Time: 00:01:54

Health: -11/26     AC:  2    Str:  9    XL:     3   Next: 64%
Magic:  3/5        EV: 11    Int: 19    God:
Gold:   158        SH:  0    Dex: 11    Spells: 4/5 levels left

rFire   . . .        a - +0 dagger
rCold   . . .        f - orb {mayhem}
rNeg    . . .        d - +0 robe
rPois   .            (helmet restricted)
rElec   .            (no cloak)
rCorr   .            (no gloves)
SInv    .            (no boots)
Will    .....        (no amulet)
Stlth   ++           (no ring)
HPRegen 0.24/turn    (no ring)
MPRegen 0.09/turn

%: mayhem
@: about to teleport, attractive
A: antennae 1, spiny 1
a: no special abilities


You were on level 2 of the Dungeon.
You visited 1 branch of the dungeon, and saw 2 of its levels.

You collected 158 gold pieces.

Inventory:

Hand Weapons
 a - a +0 dagger (weapon)
Missiles
 b - 9 poisoned darts
Armour
 d - a +0 robe (worn)
 f - an orb of mayhem (worn)
Jewellery
 k - an amulet of reflection
Scrolls
 h - a scroll of enchant weapon
 i - 6 scrolls of identify {@r1}
 j - a scroll of enchant armour {unknown}
Potions
 e - a potion of attraction


   Skills:
 + Level 1.6 Fighting
 + Level 1.6 Throwing
 + Level 1.6 Stealth
 + Level 1.5 Spellcasting
 + Level 3.8 Earth Magic
 + Level 2.4 Poison Magic


You had 4 spell levels left.
You knew the following spells:

 Your Spells              Type           Power      Damage    Failure   Level
a - Sandblast             Erth           30%        2d9       3%          1

Your spell library contained the following spells:

 Spells                   Type           Power      Damage    Failure   Level
 Poisonous Vapours        Pois/Air       12%        N/A       16%         2
 Slow                     Hex            4%         N/A       19%         1
 Cigotuvi's Dreadful Rot  Necr/Pois/Air  8%         N/A       19%         2
 Confusing Touch          Hex            1%         N/A       47%         3
 Frozen Ramparts          Ice            2%         1d1       47%         3
 Sigil of Binding         Hex            1%         N/A       47%         3
 Vampiric Draining        Necr           1%         2d6       47%         3
 Animate Armour           Summ/Erth      16%        N/A       63%         4
 Petrify                  Tmut/Erth      8%         N/A       63%         4
 Metabolic Englaciation   Hex/Ice        0%         N/A       99%         5


Dungeon Overview and Level Annotations

Branches:
Dungeon (2/15)

Altars:

Annotations:
D:2 Crazy Yiuf


Innate Abilities, Weirdness & Mutations

You have a pair of small antennae on your head.
You are partially covered in sharp spines.


Message History

No reachable target in view!
Casting: Sandblast (safe; 3% risk of failure)
Confirm with . or Enter, or press ? or * to list all spells.
You don't know that spell.
You open the door.
There is an open translucent door here.
You aren't carrying any items that you can evoke.
It was a potion of attraction.
You feel attractive to monsters.
Crazy Yiuf shouts!
It was a potion of curing.
You feel better.
q - a potion of curing Crazy Yiuf hits you with a +4 quarterstaff of chaos!
You take 9 damage, and have 17/26 hp.
MASSIVE DAMAGE!!
Casting: Sandblast (safe; 3% risk of failure)
Confirm with . or Enter, or press ? or * to list all spells.
Okay, then.
As you read the scroll labelled VIMITEMEANG, it crumbles to dust.
It is a scroll of identify.
h - a scroll of enchant weapon;
i - 6 scrolls of identify
j - a scroll labelled VULA ZAF OPSYO Crazy Yiuf is struck by your spines.
Crazy Yiuf hits you with a +4 quarterstaff of chaos!
* * * LOW HITPOINT WARNING * * *
You are lethally poisoned!
You take 10 damage, and have 7/26 hp.
MASSIVE DAMAGE!!
You feel better.
Crazy Yiuf hits you with a +4 quarterstaff of chaos!
* * * LOW HITPOINT WARNING * * *
You feel your power leaking away.
You take 2 damage, and have 5/26 hp.
You now have 3/5 mp.
You aren't carrying any items that you can evoke.
As you read the scroll of teleportation {@r3}, it crumbles to dust.
You feel strangely unstable. Crazy Yiuf barely misses you.
You hit Crazy Yiuf but do no damage.
Crazy Yiuf is lightly wounded.
Crazy Yiuf is struck by your spines.
Crazy Yiuf hits you with a +4 quarterstaff of chaos!
Ouch! That really hurt!
You die...

############
#....# #
#..PP# #
#.P.## #
##.## # #.##
# ##.# #
#.## # ##.#
# #@# #
#.g.# #
#...# #
#..)# #
##### #


You could see Crazy Yiuf.

Vanquished Creatures
  2 adders (D:2)
  3 ball pythons
  4 endoplasms
  A giant cockroach (D:1)
  2 goblins (D:1)
  A hobgoblin (D:2)
  A jackal (D:2)
  A kobold (D:1)
  5 quokkas
  4 bats (D:2)
  2 frilled lizards
  6 rats
32 creatures vanquished.

Vanquished Creatures (collateral kills)
  An endoplasm (D:2)
  A goblin (D:2)
2 creatures vanquished.

Grand Total: 34 creatures vanquished

Notes
Turn   | Place    | Note
-------+----------+-------------------------------------------
     0 | D:1      | Ofeo the Demonspawn Wanderer began the quest for the Orb.
     0 | D:1      | Ofeo set off with the following items: a +0 dagger, 9
                  | poisoned darts, a scroll of teleportation {@r3}, a +0 robe;
                  | and the following spell memorised: Sandblast; and the
                  | following spells available to memorise: Poisonous Vapours,
                  | Cigotuvi's Dreadful Rot, Animate Armour, Petrify.
     0 | D:1      | Reached XP level 1. HP: 15/15 MP: 2/2
   699 | D:1      | Gained mutation: You are partially covered in sharp spines.
                  | [demonic ancestry]
   699 | D:1      | Reached XP level 2. HP: 21/21 MP: 1/3
  1444 | D:2      | Found a runed translucent door.
  1445 | D:2      | Noticed Crazy Yiuf
  1508 | D:2      | Gained mutation: You have a pair of small antennae on your
                  | head. [demonic ancestry]
  1508 | D:2      | Reached XP level 3. HP: 26/26 MP: 3/5
  2549 | D:2      | Mangled by Crazy Yiuf

Illustrated notes

Levels and vault maps discovered:
D:1:      sevenhm_arrival_forest_fort_large_2, layout_basic
D:2:      kennysheep_six_static_rooms, layout_basic, serial_corexii_hall,
          corexii_hall_statues_l, chequers_hall_statues_corner_a,
          corexii_hall_statues_i, kennysheep_potato, uniq_crazy_yiuf_cottage

Action                     || total
---------------------------++-------
  Melee: Dagger            ||     9
  Throw: Dart              ||     3
   Cast: Sandblast         ||    39
    Use: Potion            ||     3
         Scroll            ||     2
 Armour: Robe              ||    17
  Dodge: Dodged            ||    13

Table legend: (Time is in decaauts)
 A = Elapsed time spent in this place.
 B = Non-inter-level travel time spent in this place.
 C = Inter-level travel time spent in this place.
 D = Time resting spent in this place.
 E = Time spent auto-exploring this place.
 F = Levels seen in this place.
 G = Mean time per level.
                   A        B        C        D        E       F      G
               +--------+--------+--------+--------+--------+-----+--------+
         Total |   2568 |   2498 |     70 |      0 |   2317 |   2 | 1284.0 |
       Dungeon |   2568 |   2498 |     70 |      0 |   2317 |   2 | 1284.0 |
               +--------+--------+--------+--------+--------+-----+--------+

Top non-repeatable levels by time:
     D:2: 1426 daAuts
     D:1: 1141 daAuts
